 Dungeon Crawl Stone Soup version 0.30-a0-900-g23479c02f2 (webtiles) character file.

Game seed: 2559339493262838247

737 timneilson the Shield-Bearer (level 7, -1/44 HPs)
             Began as a Gargoyle Fighter on Mar 18, 2023.
             Slain by an ogre
             ... wielding a +0 giant spiked club
              (22 damage)
             ... on level 5 of the Dungeon.
             The game lasted 00:07:04 (4001 turns).

timneilson the Shield-Bearer (Gargoyle Fighter)     Turns: 4001, Time: 00:07:05

Health: -1/44      AC: 16    Str: 19    XL:     7   Next: 75%
Magic:  7/7        EV:  6    Int:  9    God:
Gold:   371        SH: 11    Dex: 11    Spells: 6/6 levels left

rFire   . . .      SeeInvis .    a - +0 long sword
rCold   . . .      Faith    .    p - +2 kite shield
rNeg    + . .      Spirit   .    g - +0 chain mail
rPois   ∞          Reflect  .    o - +0 helmet
rElec   +          Rampage  .    (no cloak)
rCorr   .                        (no gloves)
Will    .....                    (no boots) Stlth
                                 (no amulet)
HPRegen 0.27/turn                (no ring)
MPRegen 0.10/turn                (no ring)

@: no status effects
A: sickness immunity, AC +4, negative energy resistance 1, electricity
resistance, torment resistance 1, petrification resistance
a: no special abilities


You were on level 5 of the Dungeon.
You visited 1 branch of the dungeon, and saw 5 of its levels.

You collected 371 gold pieces.

Inventory:

Hand Weapons
 a - a +0 long sword (weapon)
Missiles
 e - a throwing net (quivered)
Armour
 g - a +0 chain mail (worn)
 o - a +0 helmet (worn)
 p - a +2 kite shield (worn)
Wands
 m - a wand of digging (2)
Scrolls
 c - a scroll of teleportation {unknown}
 h - 2 scrolls of identify
 q - a scroll of blinking
Potions
 b - a potion of magic
 d - 2 potions of might
 f - 3 potions of haste
 i - 2 potions of heal wounds
 j - a potion of brilliance
 k - a potion of flight
 l - a potion of curing
 n - a potion of lignification


   Skills:
 + Level 4.5 Fighting
 * Level 4.0 Long Blades
 * Level 5.4 Armour
 + Level 2.0 Dodging
 * Level 5.5 Shields
 + Level 1.4 Evocations


You had 6 spell levels left.
You didn't know any spells.
Your spell library contained the following spells:

 Spells                   Type           Power      Damage    Failure   Level
 Apportation              Tloc           0%         N/A       100%        1
 Necrotise                Necr           0%         1d4       100%        1
 Summon Small Mammal      Summ           0%         N/A       100%        1
 Tukima's Dance           Hex            0%         N/A       100%        3
 Passage of Golubria      Tloc           0%         N/A       100%        4
 Yara's Violent Unravell  Hex/Tmut       0%         3d3       100%        5


Dungeon Overview and Level Annotations

Branches:
Dungeon (5/15)
 Temple: D:4-7

Altars:
Makhleb
Ru
Sif Muna
Trog
Xom
Yredelemnul
The Shining One

Shops:
D:1 =   D:2 (


Innate Abilities, Weirdness & Mutations

You are immune to sickness and miasma.
Your stone body is resilient. (AC +4)
You are immune to poison.
You resist negative energy. (rN+)
You are resistant to electric shocks. (rElec)
You are resistant to unholy torment.
You are immune to petrification.


Message History

The orc is lightly wounded.
You block the orc's attack.
You hit the orc.
The orc is heavily wounded.
You block the orc's attack.
You hit the orc but do no damage. You block the orc's attack.
You hit the orc but do no damage. You block the orc's attack.
You barely miss the orc. The orc closely misses you.
The orc hits you with a +0 flail.
You closely miss the orc. You block the orc's attack.
You barely miss the orc. You block the orc's attack.
The orc completely misses you.
You slash the orc!
You kill the orc!
You barely miss the orc.
The orc is heavily wounded.
The orc hits you but does no damage.
You hit the orc.
You kill the orc!
You block the orc's attack.
You barely miss the orc. The orc hits you but does no damage.
You hit the orc.
The orc is almost dead.
You block the orc's attack.
You barely miss the orc.
The orc is almost dead.
The orc hits you but does no damage. x2
You barely miss the orc.
The orc is almost dead.
The orc hits you but does no damage.
You hit the orc.
You kill the orc!
The ogre hits you with a +0 giant spiked club!!
You barely miss the ogre. You hit the ogre but do no damage.
The ogre hits you with a +0 giant spiked club.
You hit the ogre but do no damage.
The ogre hits you with a +0 giant spiked club!!
Ouch! That really hurt!
You die...

...# ... ##..# .##
..$.# . #..########..
#)o.#..........#
.......#.............
..
.#####$##...........#
..# #.
#.######...<####..#. #.
#.O@.###.#..........
...####..##.#..#..#..##
............#..........
...####....†......#..##
#....##........##
#....##.....[..##
#######.##..#.<##
####....... #..##.##


You could see an ogre.

Vanquished Creatures
  Sigmund (D:4)
  A scorpion (D:5)
  3 crimson imps (D:5)
  A jelly (D:5)
  3 hounds
  2 iguanas (D:5)
  Ijyb (D:4)
  Natasha (thrice) (D:4)
  7 adders
  A worm (D:2)
  5 dart slugs
  13 orcs
  4 endoplasms
  A giant cockroach (D:2)
  11 goblins
  4 hobgoblins (D:1)
  2 jackals (D:1)
  3 kobolds
  A quokka (D:4)
  3 ball pythons
  2 bats
  3 frilled lizards (D:1)
  A rat (D:1)
76 creatures vanquished.

Notes
Turn   | Place    | Note
-------+----------+-------------------------------------------
     0 | D:1      | timneilson the Gargoyle Fighter began the quest for the
                  | Orb.
     0 | D:1      | Reached XP level 1. HP: 14/14 MP: 1/1
   215 | D:1      | Reached XP level 2. HP: 14/19 MP: 2/2
   407 | D:1      | Reached XP level 3. HP: 20/23 MP: 3/3
   512 | D:1      | Found Jetopyis's Jewellery Shop.
  1296 | D:2      | Found Kerhep's Weapon Emporium.
  1298 | D:2      | Reached XP level 4. HP: 28/28 MP: 4/4
  1726 | D:3      | Found a basalt altar of Yredelemnul.
  1726 | D:3      | Found a bloodstained altar of Trog.
  2307 | D:4      | Noticed Natasha
  2324 | D:4      | Killed Natasha
  2325 | D:4      | Reached skill level 1 in Dodging
  2325 | D:4      | Reached XP level 5. HP: 19/33 MP: 5/5
  2396 | D:4      | Noticed Natasha
  2414 | D:4      | Killed Natasha
  2421 | D:4      | Noticed Natasha
  2434 | D:4      | Killed Natasha
  2541 | D:4      | Found a shimmering blue altar of Sif Muna.
  2590 | D:4      | Found a sacrificial altar of Ru.
  2682 | D:4      | Noticed Ijyb
  2699 | D:4      | Killed Ijyb
  2795 | D:4      | Reached XP level 6. HP: 22/38 MP: 6/6
  2948 | D:4      | Found a glowing golden altar of the Shining One.
  2968 | D:4      | Noticed Sigmund
  2987 | D:4      | Killed Sigmund
  3148 | D:4      | Found a burning altar of Makhleb.
  3328 | D:5      | Entered Level 5 of the Dungeon
  3418 | D:5      | Reached skill level 5 in Armour
  3418 | D:5      | Reached skill level 5 in Shields
  3418 | D:5      | Reached XP level 7. HP: 40/43 MP: 7/7
  3428 | D:5      | Reached skill level 1 in Evocations
  3719 | D:5      | Found a shimmering altar of Xom.
  4001 | D:5      | Slain by an ogre

Illustrated notes

Levels and vault maps discovered:
D:1:      dpeg_arrival_ternary, layout_loops_cross, serial_shops, shop,
          dreamdust_wishing_well
D:2:      layout_basic, serial_shops, nicolae_shop_stone,
          kennysheep_generic_room_11
D:3:      layout_loops_ring, mainiacjoe_overflow_large_starburst
D:4:      layout_loops_cross, kennysheep_orc_sif_temple, old_standard_altar,
          lemuel_coloured_pillars_altar, nicolae_tso_carved_into_rock,
          uniq_sigmund, uniq_ijyb, uniq_natasha
D:5:      layout_basic, led_xom_imps, minmay_bent

Skill      XL: |  1  2  3  4  5  6  7 |
---------------+----------------------+-----
Long Blades    | 2 3 4 |  4.0
Armour         | 4 5 |  5.4
Shields        | 4 5 |  5.5
Dodging        | 1 2 |  2.0
Fighting       | 4 |  4.5
Evocations     | 1 |  1.4

Action                     |  1- 3 |  4- 6 |  7- 9 || total
---------------------------+-------+-------+-------++-------
  Melee: Long sword        |   112 |   205 |   187 ||   504
    Use: Scroll            |     3 |    10 |       ||    13
         Potion            |       |     2 |       ||     2
 Armour: Scale mail        |    61 |    28 |       ||    89
         Chain mail        |       |   111 |    93 ||   204
  Dodge: Dodged            |    56 |    71 |    39 ||   166
  Block: Buckler           |    18 |    47 |       ||    65
         Kite shield       |       |    31 |   101 ||   132

Table legend: (Time is in decaauts)
 A = Elapsed time spent in this place.
 B = Non-inter-level travel time spent in this place.
 C = Inter-level travel time spent in this place.
 D = Time resting spent in this place.
 E = Time spent auto-exploring this place.
 F = Levels seen in this place.
 G = Mean time per level.
                   A        B        C        D        E       F      G
               +--------+--------+--------+--------+--------+-----+--------+
         Total |   4183 |   4097 |     86 |      0 |   2945 |   5 |  836.6 |
       Dungeon |   4183 |   4097 |     86 |      0 |   2945 |   5 |  836.6 |
               +--------+--------+--------+--------+--------+-----+--------+

Top non-repeatable levels by time:
     D:4: 1148 daAuts
     D:2: 879 daAuts
     D:1: 742 daAuts
     D:5: 732 daAuts
     D:3: 680 daAuts
